 Dungeon Crawl Stone Soup version 0.30.1-11-g7821555f0a (webtiles) character file.

Game seed: 11364610593064394252

70 jagang the Slasher (level 4, 0/37 HPs)
             Began as a Barachi Monk on Nov 1, 2023.
             Killed by nerve-wracking pain
             ... invoked by an orc priest
              (7 damage)
             ... on level 3 of the Dungeon.
             The game lasted 00:03:41 (1881 turns).

jagang the Slasher (Barachi Monk)                   Turns: 1881, Time: 00:03:42

Health: 0/37       AC:  7    Str: 12    XL:     4   Next: 21%
Magic:  4/4        EV: 10    Int: 10    God:
Gold:   164        SH:  0    Dex: 17    Spells: 3/3 levels left

rFire   . . .        a - +0 falchion
rCold   . . .        d - orb {light}
rNeg    . . .        f - +0 scale mail
rPois   .            (no helmet)
rElec   .            (no cloak)
rCorr   .            (no gloves)
SInv    .            g - +0 pair of boots
Will    .....        (no amulet) Stlth
                     (no ring)
HPRegen 0.26/turn    (no ring)
MPRegen 0.09/turn

%: no passive effects
@: unable to hop, glowing, slow
A: amphibious, slowness 1, strong legs 1, +LOS
a: Hop


You were on level 3 of the Dungeon.
You visited 1 branch of the dungeon, and saw 3 of its levels.

You collected 164 gold pieces.

Inventory:

Hand Weapons
 a - a +0 falchion (weapon)
Armour
 d - an orb of light (worn)
 f - a +0 scale mail (worn)
 g - a +0 pair of boots (worn)
Jewellery
 l - an amulet of magic regeneration
Scrolls
 b - a scroll of summoning {unknown}
 e - 4 scrolls of identify {unknown}
 h - a scroll of blinking {unknown}
 j - a scroll of magic mapping {unknown}
 m - 2 scrolls of silence {unknown}
 o - a scroll of fog {unknown}
Potions
 c - 2 potions of ambrosia
 i - 2 potions of might {unknown}
 k - a potion of haste {unknown}
 n - a potion of heal wounds {unknown}


   Skills:
 + Level 4.2 Fighting
 * Level 5.0 Long Blades
 * Level 1.2 Armour
 + Level 3.6 Dodging


You had 3 spell levels left.
You didn't know any spells.
Your spell library contained the following spells:

 Spells                   Type           Power      Damage    Failure   Level
 Magic Dart               Conj           0%         1d3       90%         1
 Call Imp                 Summ           0%         N/A       97%         2
 Ensorcelled Hibernation  Hex/Ice        0%         N/A       97%         2
 Passwall                 Tmut/Erth      0%         N/A       97%         2
 Mephitic Cloud           Conj/Pois/Air  0%         N/A       99%         3
 Swiftness                Air            0%         N/A       99%         3


Dungeon Overview and Level Annotations

Branches:
Dungeon (3/15)

Altars:

Shops:
D:2 (


Innate Abilities, Weirdness & Mutations

You are amphibious.
You cover ground slowly.
You can hop short distances.
You have an extended range of vision and can be seen from far away.


Message History

The orc barely misses you.
You hit the orc.
The orc is severely wounded.
The orc misses you. The orc barely misses you. The orc closely misses you.
You barely miss the orc.
The orc is severely wounded.
The orc hits you with a +0 hand axe. The orc hits you but does no damage.
The orc hits you with a +0 hand axe.
You barely miss the orc.
The orc is severely wounded.
The orc hits you but does no damage. The orc closely misses you.
The orc hits you with a +0 hand axe.
* * * LOW HITPOINT WARNING * * *
The dart slug briefly extends its eye-stalks.
You slash the orc!
You kill the orc!
The orc barely misses you. x2
The orc attacks as you move away! The orc barely misses you.
You see here a +0 hand axe.
You hit the orc.
You kill the orc!
The orc priest mumbles some strange prayers to Beogh against you.
Beogh smites you!
* * * LOW HITPOINT WARNING * * *
The orc attacks as you move away! The orc hits you but does no damage.
You hit the orc.
You kill the orc!
You are ready to hop once more.
Hop to where?
Press: ? - help, Dir - move target Boing!
The orc priest miscasts a cantrip.
The orc priest mumbles some strange prayers to Beogh against you.
Pain shoots through your body!
* * * LOW HITPOINT WARNING * * *
The orc priest casts a cantrip, but nothing happens.
There is a stone staircase leading up here.
The orc priest mumbles some strange prayers to Beogh against you.
Pain shoots through your body!
You die...

# # ######## # #......#
############## #.####.#
#............. #.# #.#
#####.############ #.#
##.####@......# ######.#
#........)..#.# .....#.#
#...........#.########## .....#.#
#...........#........... .....#.#
##.########o######.##### .....#.#
#.# #.# #......
.....#.####.########.######.#####
............w..o.................
.....#.####.#####.........#.#####


You could see an orc priest.

Vanquished Creatures
  An adder (D:3)
  A dart slug (D:1)
  5 orcs (D:3)
  A bat (D:3)
  6 endoplasms
  5 giant cockroaches
  6 hobgoblins
  3 kobolds
  2 quokkas
  5 ball pythons (D:1)
  A frilled lizard (D:1)
  6 goblins
  6 rats
48 creatures vanquished.

Notes
Turn   | Place    | Note
-------+----------+-------------------------------------------
     0 | D:1      | jagang the Barachi Monk began the quest for the Orb.
     0 | D:1      | Reached XP level 1. HP: 18/18 MP: 1/1
    97 | D:1      | Reached XP level 2. HP: 14/25 MP: 2/2
    98 | D:1      | Reached skill level 4 in Long Blades
   429 | D:1      | Reached XP level 3. HP: 30/30 MP: 3/3
  1052 | D:2      | Reached skill level 1 in Armour
  1422 | D:2      | Found Icysehid's Weapon Shoppe.
  1697 | D:3      | Reached XP level 4. HP: 33/37 MP: 4/4
  1835 | D:3      | Reached skill level 5 in Long Blades
  1881 | D:3      | Killed from afar by an orc priest

Illustrated notes

Levels and vault maps discovered:
D:1:      dpeg_arrival_simpleton_c, layout_loops_cross, st_stairs_12
D:2:      layout_basic, serial_shops, nicolae_shop_bloodbath_and_beyond,
          minmay_misc_feat_four_crosses
D:3:      layout_basic, uniq_crazy_yiuf_cottage

Skill      XL: |  1  2  3  4 |
---------------+-------------+-----
Long Blades    | 4 5 |  5.0
Armour         | 1 |  1.2
Fighting       | 4 |  4.2
Dodging        | |  3.6

Action                     |  1- 3 |  4- 6 || total
---------------------------+-------+-------++-------
  Melee: Falchion          |   112 |    16 ||   128
Ability: Hop               |       |     2 ||     2
 Armour: Robe              |    12 |       ||    12
         Scale mail        |    36 |     7 ||    43
  Dodge: Dodged            |    60 |    12 ||    72
